| TOP OF THE 1ST |
|
Portland Sea Dogs batting - Pitching for Erie SeaWolves : RHP Adam Huemmer
|
|
Pitching: RHP Adam Huemmer
|
|
|
Batting: LHB Dave Reyes
|
0-0: Ball 1-0: SINGLE (Flyball, 56D, EV 95.6 MPH)
|
|
Batting: RHB Joe Sandoval
|
0-0: Ball 1-0: SINGLE (Groundball, 6D, EV 103.8 MPH) Dave Reyes to second Runner from 2nd tries for 3rd, OUT! 8-5
|
|
Batting: LHB David Moore
|
0-0: Ball 1-0: Ball 2-0: Ball 3-0: Called Strike 3-1: Base on Balls Joe Sandoval to second
|
|
Batting: LHB Sergio Tinoco
|
0-0: Foul Ball, location: 2F 0-1: Reached on error, E5 (Groundball, 56, EV 103.8 MPH) Joe Sandoval to third David Moore to second
|
|
Batting: RHB Alex Melendez
|
0-0: Swinging Strike 0-1: Ball 1-1: Fly out, F8 (Line Drive, 8LM, EV 93.1 MPH)
|
|
Batting: RHB Travis Campbell
|
0-0: Ball 1-0: Called Strike 1-1: Foul Ball, location: 2F 1-2: Foul Ball, location: 2F 1-2: Foul Ball, location: 2F 1-2: Strikes out looking
|
| Top of the 1st over - 0 runs, 2 hits, 1 error, 3 left on base; Portland 0 - Erie 0 |
| BOTTOM OF THE 1ST |
|
Erie SeaWolves batting - Pitching for Portland Sea Dogs : LHP Jon Convery
|
|
Pitching: LHP Jon Convery
|
|
|
Batting: RHB Eric Angelle
|
0-0: Ball 1-0: Fly out, F8 (Flyball, 8RXD, EV 108.8 MPH)
|
|
Batting: RHB Tony Soto
|
0-0: Ball 1-0: Swinging Strike 1-1: Fly out, F8 (Flyball, 89S, EV 75.0 MPH)
|
|
Batting: RHB John Evancho
|
0-0: Ball 1-0: Ground out 6-3 (Groundball, 56D, EV 106.2 MPH)
|
| Bottom of the 1st over - 0 runs, 0 hits, 0 errors, 0 left on base; Portland 0 - Erie 0 |
| TOP OF THE 2ND |
|
Portland Sea Dogs batting - Pitching for Erie SeaWolves : RHP Adam Huemmer
|
|
Batting: RHB Miguel Villanueva
|
0-0: Ball 1-0: Ball 2-0: Called Strike 2-1: Foul Ball, location: 2F 2-2: Ball 3-2: Foul Ball, location: 2F 3-2: Base on Balls
|
|
Batting: SHB Gus Cruz
|
0-0: Ball 1-0: Called Strike 1-1: Foul Ball, location: 2F 1-2: Fielders Choice at 2nd, 1-6 (Groundball, 13S, EV 71.2 MPH)
|
|
Batting: RHB Frank Sokolosky
|
0-0: Called Strike 0-1: Called Strike Gus Cruz steals 2nd base 0-2: Ground out U3 (Groundball, 13, EV 81.9 MPH) Gus Cruz to third
|
|
Batting: LHB Dave Reyes
|
0-0: Called Strike 0-1: Fly out, F6 (Line Drive, 6MD, EV 74.4 MPH)
|
| Top of the 2nd over - 0 runs, 0 hits, 0 errors, 1 left on base; Portland 0 - Erie 0 |
| BOTTOM OF THE 2ND |
|
Erie SeaWolves batting - Pitching for Portland Sea Dogs : LHP Jon Convery
|
|
Batting: RHB Adam MacConnell
|
0-0: Foul Ball, location: 2F 0-1: Foul Ball, location: 2F 0-2: Strikes out swinging
|
|
Batting: RHB Benny O'Connor
|
0-0: Ground out 5-3 (Groundball, 56, EV 100.0 MPH)
|
|
Batting: RHB Tanner Purchase
|
0-0: Ball 1-0: Called Strike 1-1: Ball 2-1: Ball 3-1: SOLO HOME RUN (Flyball, 78XD, EV 105.0 MPH), Distance : 444 ft
|
|
Batting: SHB Sean Foley
|
0-0: Ball 1-0: Ball 2-0: Swinging Strike 2-1: Ground out 4-3 (Groundball, 34, EV 90.0 MPH)
|
| Bottom of the 2nd over - 1 run, 1 hit, 0 errors, 0 left on base; Portland 0 - Erie 1 |
| TOP OF THE 3RD |
|
Portland Sea Dogs batting - Pitching for Erie SeaWolves : RHP Adam Huemmer
|
|
Batting: RHB Joe Sandoval
|
0-0: Ball 1-0: Ball 2-0: Ball 3-0: Base on Balls
|
|
Batting: LHB David Moore
|
0-0: Ball Joe Sandoval steals 2nd base 1-0: Ball 2-0: Foul Ball, location: 2F 2-1: Foul Ball, location: 2F 2-2: Ground out 6-3 (Groundball, 6, EV 79.4 MPH) Joe Sandoval to third
|
|
Batting: LHB Sergio Tinoco
|
0-0: Foul Ball, location: 2F 0-1: Ball 1-1: Ball 2-1: Ball 3-1: Base on Balls
|
|
Batting: RHB Alex Melendez
|
0-0: Ball 1-0: DOUBLE (Flyball, 8RXD, EV 105.6 MPH) Joe Sandoval scores Sergio Tinoco to third Runner from 3rd tries for Home, SAFE, no throw by CF
|
|
Batting: RHB Travis Campbell
|
0-0: Called Strike 0-1: Ball 1-1: Ball 2-1: Ball 3-1: Called Strike 3-2: Fly out, F9 (Flyball, 9D, EV 93.8 MPH) Runner from 2nd tags up, SAFE at 3rd, no throw by RF
|
|
Batting: RHB Miguel Villanueva
|
0-0: Called Strike 0-1: Ball 1-1: Ground out 4-3 (Groundball, 34, EV 87.5 MPH)
|
| Top of the 3rd over - 2 runs, 1 hit, 0 errors, 1 left on base; Portland 2 - Erie 1 |
| BOTTOM OF THE 3RD |
|
Erie SeaWolves batting - Pitching for Portland Sea Dogs : LHP Jon Convery
|
|
Batting: RHB Mike Sebastian
|
0-0: Called Strike 0-1: Ball 1-1: Called Strike 1-2: Foul Ball, location: 2F 1-2: Fly out, F5 (Popup, 56, EV 65.6 MPH)
|
|
Batting: RHB Willie Ochoa
|
0-0: Called Strike 0-1: Swinging Strike 0-2: Ball 1-2: Strikes out swinging
|
|
Batting: RHB Eric Angelle
|
0-0: Ball 1-0: Ball 2-0: Called Strike 2-1: Foul Ball, location: 2F 2-2: Fly out, F7 (Flyball, 78M, EV 74.4 MPH)
|
| Bottom of the 3rd over - 0 runs, 0 hits, 0 errors, 0 left on base; Portland 2 - Erie 1 |
| TOP OF THE 4TH |
|
Portland Sea Dogs batting - Pitching for Erie SeaWolves : RHP Adam Huemmer
|
|
Batting: SHB Gus Cruz
|
0-0: Ground out 6-3 (Groundball, 6S, EV 90.6 MPH)
|
|
Batting: RHB Frank Sokolosky
|
0-0: Hit by Pitch
|
|
Batting: LHB Dave Reyes
|
0-0: Called Strike 0-1: Ground out 4-3 (Groundball, 34, EV 86.2 MPH) Frank Sokolosky to second
|
|
Batting: RHB Joe Sandoval
|
0-0: SINGLE (Groundball, 56D, EV 95.0 MPH) Frank Sokolosky to third Runner from 3rd tries for Home, SAFE, throw by LF to home
|
|
Batting: LHB David Moore
|
0-0: Ball 1-0: SINGLE (Flyball, 7LM, EV 108.1 MPH) Joe Sandoval to second
|
|
Batting: LHB Sergio Tinoco
|
0-0: Called Strike 0-1: Fly out, F7 (Flyball, 7D, EV 77.5 MPH)
|
| Top of the 4th over - 1 run, 2 hits, 0 errors, 2 left on base; Portland 3 - Erie 1 |
| BOTTOM OF THE 4TH |
|
Erie SeaWolves batting - Pitching for Portland Sea Dogs : LHP Jon Convery
|
|
Batting: RHB Tony Soto
|
0-0: Foul Ball, location: 2F 0-1: Ball 1-1: Ball 2-1: SINGLE (Groundball, 6MD, EV 95.0 MPH)
|
|
Batting: RHB John Evancho
|
0-0: Foul Ball, location: 2F 0-1: Ball 1-1: Foul Ball, location: 2F 1-2: Strikes out looking
|
|
Batting: RHB Adam MacConnell
|
0-0: Foul Ball, location: 2F 0-1: Ball 1-1: SINGLE (Groundball, 56D, EV 93.8 MPH) Tony Soto to second Runner from 2nd tries for 3rd, SAFE, throw by LF made to third
|
|
Batting: RHB Benny O'Connor
|
0-0: Called Strike 0-1: Foul Ball, location: 2F 0-2: Ball 1-2: Fly out, F9 (Line Drive, 89M, EV 106.9 MPH) Runner from 3rd tags up, SCORES, throw by RF
|
|
Batting: RHB Tanner Purchase
|
0-0: Ball 1-0: Ground out 4-3 (Groundball, 4, EV 99.4 MPH)
|
| Bottom of the 4th over - 1 run, 2 hits, 0 errors, 1 left on base; Portland 3 - Erie 2 |
| TOP OF THE 5TH |
|
Portland Sea Dogs batting - Pitching for Erie SeaWolves : RHP Adam Huemmer
|
|
Batting: RHB Alex Melendez
|
0-0: SINGLE (Groundball, 56D, EV 111.2 MPH)
|
|
Batting: RHB Travis Campbell
|
0-0: Foul Ball, location: 2F 0-1: SINGLE (Groundball, 6D, EV 106.2 MPH) Alex Melendez to second
|
|
Batting: RHB Miguel Villanueva
|
0-0: Ball 1-0: Ball 2-0: Fielders Choice at 2nd, 4-6 (Groundball, 4S, EV 81.9 MPH) Alex Melendez to third
|
|
Batting: SHB Gus Cruz
|
0-0: Called Strike Miguel Villanueva steals 2nd base 0-1: Swinging Strike 0-2: Ball 1-2: Strikes out swinging
|
|
Batting: RHB Frank Sokolosky
|
0-0: Swinging Strike 0-1: Ball 1-1: Ground out U3 (Groundball, 3, EV 84.4 MPH)
|
| Top of the 5th over - 0 runs, 2 hits, 0 errors, 2 left on base; Portland 3 - Erie 2 |
| BOTTOM OF THE 5TH |
|
Erie SeaWolves batting - Pitching for Portland Sea Dogs : LHP Jon Convery
|
|
Batting: SHB Sean Foley
|
0-0: Ball 1-0: Ball 2-0: Called Strike 2-1: Swinging Strike 2-2: Strikes out swinging
|
|
Batting: RHB Mike Sebastian
|
0-0: Called Strike 0-1: Ball 1-1: Ball 2-1: Foul Ball, location: 2F 2-2: Foul Ball, location: 2F 2-2: Ball 3-2: Foul Ball, location: 2F 3-2: Base on Balls
|
|
Batting: RHB Willie Ochoa
|
0-0: Ball 1-0: Ball 2-0: Ball 3-0: Base on Balls Mike Sebastian to second
|
|
Batting: RHB Eric Angelle
|
0-0: Ball 1-0: Swinging Strike 1-1: Called Strike 1-2: SINGLE (Groundball, P, EV 87.5 MPH) (infield hit) Mike Sebastian to third Willie Ochoa to second
|
|
Batting: RHB Tony Soto
|
0-0: Ball 1-0: Ball 2-0: Ball Balk! Mike Sebastian scores Willie Ochoa to third Eric Angelle to second 3-0: Called Strike 3-1: Called Strike 3-2: Foul Ball, location: 2F 3-2: Fly out, F8 (Flyball, 8LM, EV 89.4 MPH)
|
|
Batting: RHB John Evancho
|
0-0: Ball 1-0: Swinging Strike 1-1: Foul Ball, location: 2F 1-2: Foul Ball, location: 2F 1-2: Strikes out swinging
|
| Bottom of the 5th over - 1 run, 1 hit, 0 errors, 2 left on base; Portland 3 - Erie 3 |
| TOP OF THE 6TH |
|
Portland Sea Dogs batting - Pitching for Erie SeaWolves : RHP Adam Huemmer
|
|
Batting: LHB Dave Reyes
|
0-0: Ball 1-0: Ball 2-0: Ball 3-0: Called Strike 3-1: Base on Balls
|
|
Batting: RHB Joe Sandoval
|
0-0: Ball 1-0: Ball 2-0: Ball 3-0: Called Strike 3-1: SINGLE (Groundball, 6S, EV 66.9 MPH) (infield hit) Dave Reyes to second
|
|
Batting: LHB David Moore
|
0-0: Ball 1-0: Foul Ball, location: 2F 1-1: Grounds into double play, 5-4-3 (Groundball, 6, EV 108.8 MPH) Dave Reyes to third
|
|
Batting: LHB Sergio Tinoco
|
0-0: Intentional Walk
|
|
Batting: RHB Alex Melendez
|
0-0: Called Strike 0-1: Foul Ball, location: 2F 0-2: SINGLE (Groundball, 6S, EV 95.0 MPH) Dave Reyes scores Sergio Tinoco to second
|
|
Batting: RHB Travis Campbell
|
0-0: Ball 1-0: SINGLE (Groundball, 56D, EV 101.9 MPH) Sergio Tinoco to third Alex Melendez to second Runner from 3rd tries for Home, SAFE, throw by LF to home
|
|
Pitching: RHP Andy Thoennes
|
|
|
Batting: RHB Miguel Villanueva
|
0-0: Called Strike 0-1: Hit by Pitch Alex Melendez to third Travis Campbell to second
|
|
Batting: SHB Gus Cruz
|
0-0: Ball 1-0: Ball 2-0: Ball 3-0: Called Strike 3-1: Swinging Strike 3-2: Foul Ball, location: 2F 3-2: Ground out 5-3 (Groundball, 5S, EV 71.2 MPH)
|
| Top of the 6th over - 2 runs, 3 hits, 0 errors, 3 left on base; Portland 5 - Erie 3 |
| BOTTOM OF THE 6TH |
|
Erie SeaWolves batting - Pitching for Portland Sea Dogs : LHP Jon Convery
|
|
Batting: RHB Adam MacConnell
|
0-0: Called Strike 0-1: Ball 1-1: Ball 2-1: Foul Ball, location: 2F 2-2: Foul Ball, location: 2F 2-2: Ball 3-2: Base on Balls
|
|
Pitching: LHP David Schultz
|
|
|
Batting: RHB Benny O'Connor
|
0-0: Ball 1-0: Called Strike 1-1: Swinging Strike 1-2: Ball 2-2: Foul Ball, location: 2F 2-2: Fly out, F7 (Line Drive, 7S, EV 85.6 MPH)
|
|
Batting: RHB Tanner Purchase
|
0-0: Swinging Strike 0-1: Fly out, F8 (Flyball, 89M, EV 91.2 MPH)
|
|
Batting: SHB Sean Foley
|
0-0: Ball 1-0: Ball 2-0: Ball 3-0: Base on Balls Adam MacConnell to second
|
|
Batting: RHB Mike Sebastian
|
0-0: Ball 1-0: Swinging Strike 1-1: Foul Ball, location: 2F 1-2: Ball 2-2: Foul Ball, location: 2F 2-2: Strikes out looking
|
| Bottom of the 6th over - 0 runs, 0 hits, 0 errors, 2 left on base; Portland 5 - Erie 3 |
| TOP OF THE 7TH |
|
Portland Sea Dogs batting - Pitching for Erie SeaWolves : RHP Andy Thoennes
|
|
Batting: RHB Frank Sokolosky
|
0-0: Swinging Strike 0-1: Foul Ball, location: 2F 0-2: Ball 1-2: Strikes out swinging
|
|
Batting: LHB Dave Reyes
|
0-0: Ball 1-0: Called Strike 1-1: Foul Ball, location: 2F 1-2: Fly out, F9 (Flyball, 89S, EV 83.8 MPH)
|
|
Batting: RHB Joe Sandoval
|
0-0: Foul Ball, location: 2F 0-1: Swinging Strike 0-2: Ball 1-2: Ground out 4-3 (Groundball, 4M, EV 80.6 MPH)
|
| Top of the 7th over - 0 runs, 0 hits, 0 errors, 0 left on base; Portland 5 - Erie 3 |
| BOTTOM OF THE 7TH |
|
Erie SeaWolves batting - Pitching for Portland Sea Dogs : LHP David Schultz
|
|
Batting: RHB Willie Ochoa
|
0-0: Ball 1-0: Foul Ball, location: 2F 1-1: Foul Ball, location: 2F 1-2: Strikes out looking
|
|
Batting: RHB Eric Angelle
|
0-0: Called Strike 0-1: Called Strike 0-2: Ball 1-2: Ball 2-2: Ball 3-2: Foul Ball, location: 2F 3-2: Base on Balls
|
|
Batting: RHB Tony Soto
|
0-0: Called Strike 0-1: Ball 1-1: Swinging Strike 1-2: Ball 2-2: Ball 3-2: Strikes out swinging
|
|
Pitching: RHP Pedro Torres
|
|
|
Batting: RHB John Evancho
|
0-0: Called Strike 0-1: Swinging Strike 0-2: Fielders Choice at 2nd, 6-4 (Groundball, 6, EV 78.1 MPH)
|
| Bottom of the 7th over - 0 runs, 0 hits, 0 errors, 1 left on base; Portland 5 - Erie 3 |
| TOP OF THE 8TH |
|
Portland Sea Dogs batting - Pitching for Erie SeaWolves : RHP Andy Thoennes
|
|
Pitching: RHP Eddie Hodgson
|
|
|
Batting: LHB David Moore
|
0-0: Ball 1-0: SINGLE (Groundball, 4S, EV 67.5 MPH) (infield hit)
|
|
Batting: LHB Sergio Tinoco
|
0-0: Ball 1-0: Called Strike 1-1: 2-RUN HOME RUN (Flyball, 89XD, EV 116.2 MPH), Distance : 440 ft
|
|
Batting: RHB Alex Melendez
|
0-0: Called Strike 0-1: Swinging Strike 0-2: Ball 1-2: Strikes out swinging, 2-3 out at first.
|
|
Batting: RHB Travis Campbell
|
0-0: Called Strike 0-1: Ball 1-1: SINGLE (Groundball, 4M, EV 85.0 MPH) (infield hit)
|
|
Batting: RHB Miguel Villanueva
|
0-0: Called Strike Travis Campbell is caught stealing 2nd base 2-4 0-1: SINGLE (Line Drive, 9LS, EV 90.6 MPH)
|
|
Batting: SHB Gus Cruz
|
0-0: Called Strike Miguel Villanueva is caught stealing 2nd base 2-6
|
| Top of the 8th over - 2 runs, 4 hits, 0 errors, 0 left on base; Portland 7 - Erie 3 |
| BOTTOM OF THE 8TH |
|
Erie SeaWolves batting - Pitching for Portland Sea Dogs : RHP Pedro Torres
|
|
Batting: RHB Adam MacConnell
|
0-0: Ball 1-0: Called Strike 1-1: Ball 2-1: SINGLE (Line Drive, 3D, EV 94.4 MPH)
|
|
Batting: RHB Benny O'Connor
|
0-0: Swinging Strike 0-1: Swinging Strike 0-2: Foul Ball, location: 2F 0-2: Strikes out looking
|
|
Batting: RHB Tanner Purchase
|
0-0: Called Strike 0-1: Ball 1-1: Foul Ball, location: 2F 1-2: Grounds into double play, 4-6-3 (Groundball, 4S, EV 86.2 MPH)
|
| Bottom of the 8th over - 0 runs, 1 hit, 0 errors, 0 left on base; Portland 7 - Erie 3 |
| TOP OF THE 9TH |
|
Portland Sea Dogs batting - Pitching for Erie SeaWolves : RHP Eddie Hodgson
|
|
Pitching: RHP Juan Cornejo
|
|
|
Batting: SHB Gus Cruz
|
0-0: Called Strike 0-1: Ball 1-1: Foul Ball, location: 2F 1-2: Ball 2-2: Strikes out swinging
|
|
Batting: RHB Frank Sokolosky
|
0-0: Called Strike 0-1: Ball 1-1: Ball 2-1: Ball 3-1: Called Strike 3-2: Strikes out looking
|
|
Batting: LHB Dave Reyes
|
0-0: Called Strike 0-1: Ball 1-1: Ground out 5-3 (Groundball, 56, EV 86.9 MPH)
|
| Top of the 9th over - 0 runs, 0 hits, 0 errors, 0 left on base; Portland 7 - Erie 3 |
| BOTTOM OF THE 9TH |
|
Erie SeaWolves batting - Pitching for Portland Sea Dogs : RHP Pedro Torres
|
|
Pitching: RHP Aaron Brannon
|
|
|
Batting: SHB Sean Foley
|
0-0: Called Strike 0-1: Foul Ball, location: 2F 0-2: Ball 1-2: Ground out 6-3 (Groundball, 6M, EV 86.9 MPH)
|
|
Batting: RHB Mike Sebastian
|
0-0: Swinging Strike 0-1: Swinging Strike 0-2: Ball 1-2: Strikes out looking
|
|
Batting: RHB Willie Ochoa
|
0-0: Called Strike 0-1: Ball 1-1: Ball 2-1: Ground out 4-3 (Groundball, 34, EV 98.1 MPH)
|
| Bottom of the 9th over - 0 runs, 0 hits, 0 errors, 0 left on base; Portland 7 - Erie 3 |
|